 Dungeon Crawl Stone Soup version 0.31-a0-210-gccc998df9b (webtiles) character file.

Game seed: 8039348886621974417

28 qw the Shooter (level 2, -6/24 HPs)
             Began as a Minotaur Hexslinger on June 29, 2023.
             Mangled by Crazy Yiuf
             ... wielding a +3 quarterstaff of chaos
              (9 damage)
             ... on level 2 of the Dungeon.
             The game lasted 00:00:15 (1087 turns).

qw the Shooter (Minotaur Hexslinger)                Turns: 1087, Time: 00:00:15

Health: -6/24      AC:  2    Str: 12    XL:     2   Next: 96%
Magic:  2/2        EV: 12    Int: 10    God:
Gold:   87         SH:  0    Dex: 12    Spells: 2/3 levels left

rFire   . . .        Y - +1 sling
rCold   . . .        (no shield)
rNeg    . . .        c - +0 robe
rPois   .            (helmet restricted)
rElec   .            (no cloak)
rCorr   .            (no gloves)
SInv    .            (no boots)
Will    .....        (no amulet)
Stlth   +            (no ring)
HPRegen 0.24/turn    (no ring)
MPRegen 0.08/turn

%: no passive effects
@: about to teleport
A: horns 2, retaliatory headbutt
a: no special abilities


You were on level 2 of the Dungeon.
You visited 1 branch of the dungeon, and saw 2 of its levels.

You collected 87 gold pieces.


Innate Abilities, Weirdness & Mutations

You have a pair of horns on your head.
You reflexively headbutt those who attack you in melee.


   Skills:
 - Level 2.1 Fighting
 + Level 3.5 Ranged Weapons
 - Level 2.1 Dodging
 - Level 1.0 Spellcasting
 - Level 2.0 Hexes


You had 2 spell levels left.
You knew the following spells:

 Your Spells              Type           Power      Damage    Failure   Level
a - Slow                  Hex            16%        N/A       16%         1

Your spell library contained the following spells:

 Spells                   Type           Power      Damage    Failure   Level
 Inner Flame              Hex/Fire       2%         N/A       56%         3
 Portal Projectile        Hex/Tloc       4%         N/A       56%         3
 Cause Fear               Hex            2%         N/A       83%         4

Inventory:

Hand Weapons
 Y - a +1 sling (weapon)
Armour
 c - a +0 robe (worn)
Scrolls
 b - a scroll of enchant weapon {unknown}
 g - 3 scrolls of identify
Potions
 d - a potion of brilliance {unknown}
 e - a potion of might {unknown}

Dungeon Overview and Level Annotations

Branches:
Dungeon (2/15)

Altars:

Annotations:
D:2 1 runed translucent door, Crazy Yiuf


Message History

The goblin closely misses you. You furiously retaliate!
You headbutt the goblin. You shoot a sling bullet.
The sling bullet closely misses the goblin.
The goblin hits you with a +0 club. The goblin closely misses you.
The hobgoblin hits you.
1082 ||| READING 2 scrolls of teleportation.
As you read the scroll of teleportation, it crumbles to dust.
You feel strangely unstable. The goblin hits you with a +0 club.
The goblin closely misses you. The hobgoblin misses you.
You shoot a sling bullet. The sling bullet misses the goblin.
The goblin misses you. The goblin hits you but does no damage.
The hobgoblin hits you but does no damage.
You shoot a sling bullet.
The sling bullet closely misses the goblin.
The goblin barely misses you. The hobgoblin closely misses you.
The goblin hits you with a +0 dagger.
You shoot a sling bullet.
The sling bullet barely misses the goblin.
The goblin completely misses you. x2
The hobgoblin hits you but does no damage.
The goblin misses you. The hobgoblin closely misses you.
The goblin hits you with a +0 dagger.
You shoot a sling bullet.
The sling bullet completely misses the goblin.
Your surroundings suddenly seem different.
Crazy Yiuf the Enlightened comes into view.
He is wielding a +3 quarterstaff of chaos.
Found a hammer.
Crazy Yiuf shouts!
Enter note:
Enter note:
Enter note:
Enter note:
Enter note:
Enter note:
1087 ||| READING scroll of teleportation.
As you read the scroll of teleportation, it crumbles to dust.
You feel strangely unstable.
Crazy Yiuf hits you with a +3 quarterstaff of chaos!
You die...

#.# #..
###
#####
#@g.#
#.##
#.+...#
#...
###..)#
####
##### #
## #.
#. #.
##


You could see Crazy Yiuf.

Vanquished Creatures
  An adder (D:2)
  3 ball pythons
  An endoplasm (D:1)
  2 hobgoblins (D:2)
  3 kobolds
  4 frilled lizards
  5 goblins (D:2)
  A rat (D:1)
20 creatures vanquished.

Notes
Turn   | Place    | Note
-------+----------+-------------------------------------------
     0 | D:1      | qw the Minotaur Hexslinger began the quest for the Orb.
     0 | D:1      | Reached XP level 1. HP: 16/16 MP: 1/1
     0 | D:1      | 0 ||| qw: Version: 0.3-a-24-ga2abf7b
     0 | D:1      | 0 ||| qw: Game counter: 6803
     0 | D:1      | 0 ||| qw: Melee chars always use a shield: true
     0 | D:1      | 0 ||| qw: God list: Okawaru
     0 | D:1      | 0 ||| qw: Allow faded altars: false
     0 | D:1      | 0 ||| qw: Do Orc after clearing Dungeon:15 true
     0 | D:1      | 0 ||| qw: Do second Lair branch before Depths: true
     0 | D:1      | 0 ||| qw: Lair rune preference: random
     0 | D:1      | 0 ||| qw: Goals: Normal
     0 | D:1      | 0 ||| PLANNING D:1-11
   705 | D:1      | Reached skill level 3 in Ranged Weapons
   726 | D:1      | 726 ||| READING 2 scrolls labelled QORU ERRUKA.
   731 | D:1      | 731 ||| READING 2 scrolls labelled FUXECA CANOEJ.
   732 | D:1      | 732 ||| DROPPING scroll of poison.
   804 | D:2      | Reached XP level 2. HP: 10/24 MP: 2/2
   926 | D:2      | Found a faded altar of an unknown god.
  1009 | D:2      | Identified the +9 dagger of Unreason {heavy, rF+ Dex+2}
  1081 | D:2      | HP: 5/24 [hobgoblin (4)]
  1082 | D:2      | 1082 ||| READING 2 scrolls of teleportation.
  1086 | D:2      | Found a runed translucent door.
  1086 | D:2      | Noticed Crazy Yiuf
  1087 | D:2      | 1087 ||| READING scroll of teleportation.
  1087 | D:2      | Mangled by Crazy Yiuf

Levels and vault maps discovered:
D:1:      minmay_arrival_semitransparent, layout_loops_corners
D:2:      cheibrodos_greedy_goblins, layout_loops_ring,
          shapermc_ecumenical_altar_starsandcircs, minmay_tree_intersection,
          uniq_crazy_yiuf_cottage

Skill      XL: |  1 |
---------------+----+-----
Ranged Weapons | 3 |  3.5
Fighting       | 2 |  2.1
Dodging        | |  2.1
Spellcasting   | |  1.0
Hexes          | |  2.0

Action                     || total
---------------------------++-------
   Fire: Sling             ||    52
    Use: Scroll            ||     4
 Armour: Robe              ||    12
  Dodge: Dodged            ||    37

Table legend:
 A = Non-vault XP
 B = Vault XP
 C = Vault XP percentage of total XP
 D = Non-vault monster count
 E = Vault monster count
 F = Vault count percentage of total count
                 A         B        C        D         E       F
            +---------+---------+-------+---------+---------+-------
      Total |      28 |      12 |  30.0 |      13 |       7 |  35.0
            +---------+---------+-------+---------+---------+-------
        D:1 |      11 |       0 |   0.0 |       8 |       0 |   0.0
        D:2 |      17 |      12 |  41.4 |       5 |       7 |  58.3
            +---------+---------+-------+---------+---------+-------
